 Dungeon Crawl Stone Soup version 0.20.1-1-g8b1a95d (webtiles) character file.

86 Golfball the Skirmisher (level 4, -5/41 HPs)
             Began as a Hill Orc Fighter on July 12, 2017.
             Slain by a gnoll
             ... wielding a +0 spear
              (6 damage)
             ... on level 2 of the Dungeon.
             The game lasted 00:05:22 (1644 turns).

Golfball the Skirmisher (Hill Orc Fighter)          Turns: 1644, Time: 00:05:23

Health: -5/41      AC:  6    Str: 19    XL:     4   Next: 49%
Magic:  4/4        EV:  7    Int:  8    God:
Gold:   135        SH:  9    Dex: 10    Spells: 3/3 levels left

rFire    . . .     SeeInvis .   a - +0 flail
rCold    . . .     Gourm    .   c - +0 shield
rNeg     . . .     Faith    .   b - +0 scale mail
rPois    .         Spirit   .   (no helmet)
rElec    .         Reflect  .   (no cloak)
rCorr    .         Harm     +   (no gloves)
MR       .....                  (no boots)
Stlth    ..........             e - amulet of harm
Regen    0.2/turn               (no ring)
MPRegen  0.1/turn               (no ring)

@: lethally poisoned (-5 -> -32)
A: no striking features
a: no special abilities


You were on level 2 of the Dungeon.
You were hungry.

You visited 1 branch of the dungeon, and saw 2 of its levels.

You collected 135 gold pieces.

Inventory:

Hand Weapons
 a - a +0 flail (weapon)
Missiles
 o - 16 poisoned needles
Armour
 b - a +0 scale mail (worn)
 c - a +0 shield (worn)
Jewellery
 e - an amulet of harm (around neck)
 h - an uncursed amulet of guardian spirit {unknown}
Wands
 g - a wand of enslavement (16/24)
Potions
 d - a potion of might
 i - a potion of haste {unknown}
 l - a potion of mutation {unknown}
 m - a potion of curing
Comestibles
 f - a bread ration
 j - 2 fruits
 k - 3 meat rations


   Skills:
 + Level 4.8 Fighting
 + Level 3.7 Maces & Flails
 - Level 3.4 Armour
 - Level 3.5 Shields


You had 3 spell levels left.
You didn't know any spells.

Dungeon Overview and Level Annotations

Branches:
Dungeon (2/15)

Altars:


Message History

The gnoll closely misses you.
A rat comes into view.
You feel sick.
The gnoll hits you with a spear of venom.
You are lethally poisoned!
You block the gnoll's attack.
You see here a gnoll corpse.
Your shield and scale mail prevent you from hitting the gnoll.
You feel sick.
The gnoll hits you with a spear of venom.
You are more poisoned.
The gnoll hits you with a spear!
* * * LOW HITPOINT WARNING * * *
You sock the gnoll!
The gnoll is almost dead.
* * * LOW HITPOINT WARNING * * *
You feel very sick. The gnoll hits you but does no damage.
The gnoll barely misses you. You block the gnoll's attack.
The gnoll hits you with a spear.
You die...

#.# #.##..,,,,.# #.#
#.##.#***#.# ********* #.#
#.##.# #.# *,,,,,,,*
#.###.##.#####.#
*,**,*******
#.<....#.##....#
*,,,,,,,,,,*
##).#####.##....#
***,,*,*****,*
.............>..# *,,***,*
*,* ##.#########...g###.##
*,* *,* #.#
#....@gg..#**,*****,* #.#
#...####.....,,,,,*,* *#.#
#.....,,,,#♣♣,***,,,* ,..#
#...###**,* *,* *****
,.<#*******#...#*,,,,***,**
,,##*,,,,,,.#+##******,*,,*
,,',',,,,,..,,* *,,,,,,,,,*
,,***,,,,.r.*,* *,******,**
*** *,,,,,,,*,***,,,,,,,,*


You could see 3 gnolls.

Vanquished Creatures
  A gnoll (D:2)
  3 adders (D:2)
  A dart slug (D:1)
  A leopard gecko (D:1)
  A ball python (D:2)
  9 bats
  4 goblins
  6 hobgoblins
  7 jackals (D:1)
  5 frilled lizards
  4 kobolds
  2 rats (D:1)
44 creatures vanquished.

Notes
Turn   | Place    | Note
-------+----------+-------------------------------------------
     0 | D:1      | Golfball the Hill Orc Fighter began the quest for the Orb.
     0 | D:1      | Reached XP level 1. HP: 19/19 MP: 1/1
    63 | D:1      | Reached XP level 2. HP: 15/27 MP: 2/2
   271 | D:1      | Reached skill level 4 in Fighting
   476 | D:1      | Reached XP level 3. HP: 32/33 MP: 3/3
   943 | D:2      | Found a faded altar of an unknown god.
  1196 | D:2      | Reached XP level 4. HP: 26/41 MP: 4/4
  1644 | D:2      | HP: 1/41 [poisoned by a gnoll]
  1644 | D:2      | Slain by a gnoll

Skill      XL: |  1  2  3 |
---------------+----------+-----
Fighting       | 4 |  4.8
Maces & Flails | 3 |  3.7
Armour         | |  3.4
Shields        | |  3.5

Action                   |  1- 3 |  4- 6 || total
-------------------------+-------+-------++-------
Melee: Flail             |   179 |    38 ||   217
  Use: Scroll            |     4 |     2 ||     6
       Potion            |     1 |       ||     1
  Eat: Chunk             |     1 |     1 ||     2
Armor: Scale mail        |   100 |    21 ||   121
Dodge: Dodged            |    75 |    13 ||    88
Block: Shield            |   109 |    29 ||   138
